 Dungeon Crawl Stone Soup version 0.22-a0-422-g9628fc8 (webtiles) character file.

2149 dstrtnsr the Fighter (level 9, -4/126 (127) HPs)
             Began as a Minotaur Berserker on May 19, 2018.
             Was an Elder of Trog.
             Slain by a komodo dragon (20 damage)
             ... on level 8 of the Dungeon.
             The game lasted 00:23:29 (7122 turns).

dstrtnsr the Fighter (Minotaur Berserker)           Turns: 7122, Time: 00:23:31

HP:   -4/126 (127)  AC: 24    Str: 23    XL:     9   Next: 10%
MP:   8/8           EV:  2    Int: 10    God:    Trog [****..]
Gold: 274           SH:  0    Dex: 16    Spells: 8/8 levels left

rFire    . . .     SeeInvis .   e - 6 rations {!d}
rCold    . . .     Gourm    .   (no shield)
rNeg     + + +     Faith    .   (armour currently unavailable)
rPois    +         Spirit   .   (helmet currently unavailable)
rElec    .         Reflect  .   (cloak currently unavailable)
rCorr    .         Harm     .   (gloves currently unavailable)
MR       ++...     NoTele   +   (boots currently unavailable)
Stlth    +.........             (no amulet)
HPRegen  1.31/turn              f - +4 ring of dexterity
MPRegen  0.11/turn              v - +6 ring of intelligence

@: tree-form, berserk cooldown, regenerating, slowed, very slow
A: (retaliatory headbutt)
a: Berserk, Trog's Hand, Brothers in Arms, Renounce Religion


You were on level 8 of the Dungeon.
You worshipped Trog.
Trog was greatly pleased with you.
You were not hungry.
You were a tree.
You visited 1 branch of the dungeon, and saw 8 of its levels.

You collected 274 gold pieces.

Inventory:

Hand Weapons
 y - the +5 war axe of Death's Door {chop, *Rage Str+3, unknown}
   (You found it on level 7 of the Dungeon)

   It inflicts extra damage upon your enemies.
   It affects your strength (+3).
   It may make you go berserk in combat.
Missiles
 g - 3 throwing nets (quivered)
Armour
 a - a +0 animal skin
 k - a +0 plate armour (melded)
 n - a +0 pair of boots (melded)
 A - a +0 pair of gloves (melded)
Jewellery
 f - a +4 ring of dexterity (left branch)
 v - a +6 ring of intelligence (right branch)
Wands
 C - a wand of acid (11) {@v3}
 D - a wand of disintegration (13) {@v2}
Scrolls
 b - 2 scrolls of amnesia {unknown}
 i - a scroll of teleportation {!d}
 j - a scroll of remove curse {@r2}
 m - 2 scrolls of enchant weapon {unknown}
 o - a scroll of random uselessness {unknown}
 p - 2 scrolls of enchant armour {unknown}
 q - a scroll of fear {unknown}
 t - a scroll of magic mapping {unknown}
 w - 2 scrolls of noise {unknown}
 z - a scroll of immolation {unknown}
Potions
 c - a potion of magic
 d - 2 potions of degeneration
 h - a potion of mutation
 l - 3 potions of curing {@q1}
 r - a potion of lignification
 x - a potion of ambrosia {unknown}
Comestibles
 e - 6 rations (in branch) {!d}


   Skills:
 * Level 10.1 Fighting
 + Level 7.5 Armour
 + Level 6.8 Dodging
 - Level 4.7 Unarmed Combat


You had 8 spell levels left.
You didn't know any spells.
Your spell library was empty.

Dungeon Overview and Level Annotations

Branches:
Dungeon (8/15)             Temple (0/1) D:5
   Lair: D:8-11

Altars:
Ashenzari
Cheibriados
Dithmenos
Fedhas
Kikubaaqudgha
Trog
Zin
The Shining One

Shops:
D:5 (


Innate Abilities, Weirdness & Mutations

((You reflexively headbutt those who attack you in melee.))
((You have a pair of horns on your head.))


Message History

The komodo dragon bites you!
You closely miss the komodo dragon.
The komodo dragon bites you but does no damage.
You clumsily bash the komodo dragon.
The komodo dragon is lightly wounded.
The komodo dragon bites you!!
You hit the komodo dragon!
The komodo dragon is moderately wounded.
The scorpion stings you but does no damage.
The komodo dragon bites you but does no damage.
You clumsily bash the komodo dragon but do no damage.
The komodo dragon is moderately wounded.
The scorpion stings you but does no damage.
The komodo dragon bites you but does no damage.
You hit the komodo dragon!
The komodo dragon is moderately wounded.
The scorpion stings you but does no damage.
The komodo dragon bites you but does no damage.
You completely miss the komodo dragon.
The komodo dragon is moderately wounded.
The scorpion stings you but does no damage.
The komodo dragon bites you.
You clumsily bash the komodo dragon.
The komodo dragon is heavily wounded.
The scorpion stings you but does no damage.
The komodo dragon bites you but does no damage.
You clumsily bash the komodo dragon.
The komodo dragon is heavily wounded.
The scorpion stings you but does no damage.
The komodo dragon bites you but does no damage.
You hit the komodo dragon!
The komodo dragon is severely wounded.
The scorpion stings you but does no damage.
The komodo dragon bites you!
You completely miss the komodo dragon.
The komodo dragon is severely wounded.
You are no longer berserk.
You are exhausted.
You feel yourself slow down.
The scorpion stings you but does no damage.
The komodo dragon bites you but does no damage.
You clumsily bash the komodo dragon but do no damage.
The komodo dragon is severely wounded.
A centaur comes into view.
The scorpion barely misses you.
The komodo dragon bites you but does no damage.
The scorpion stings you but does no damage.
The komodo dragon bites you but does no damage.
Unknown command.
Evoke which item? (* to show all) (? for menu, Esc to quit)
Okay, then.
Unknown command.
Your skin crawls.
You feel resistant to hostile enchantments.
You feel somewhat more hungry.
The centaur shouts!
The scorpion stings you but does no damage.
The komodo dragon bites you but does no damage.
The scorpion stings you but does no damage.
Unknown command.
You clumsily bash the komodo dragon but do no damage.
The komodo dragon is severely wounded.
The komodo dragon bites you but does no damage.
The scorpion barely misses you. The komodo dragon bites you!!
The scorpion stings you but does no damage.
The komodo dragon bites you but does no damage.
You clumsily bash the komodo dragon but do no damage.
The komodo dragon is severely wounded.
The scorpion barely misses you. The komodo dragon bites you!
The scorpion stings you but does no damage.
The komodo dragon bites you but does no damage.
You completely miss the komodo dragon.
The komodo dragon is severely wounded.
The scorpion stings you but does no damage.
The komodo dragon bites you but does no damage.
The scorpion stings you but does no damage.
The komodo dragon bites you!
A sky beast comes into view.
The scorpion stings you but does no damage.
You clumsily bash the komodo dragon but do no damage.
The komodo dragon is severely wounded.
The komodo dragon bites you!
The scorpion stings you but does no damage.
The komodo dragon bites you!!
* * * LOW HITPOINT WARNING * * *
The sky beast flickers out of sight!
Deactivating autopickup; reactivate with Ctrl-A.
The scorpion stings you but does no damage.
Unknown command.
You clumsily bash the komodo dragon but do no damage.
The komodo dragon is severely wounded.
You feel the effects of Trog's Hand fading.
The komodo dragon bites you but does no damage.
The scorpion stings you but does no damage.
The komodo dragon bites you!
* * * LOW HITPOINT WARNING * * *
The scorpion stings you.
* * * LOW HITPOINT WARNING * * *
The komodo dragon bites you!!
You die...

... #.####
..$.. ....#
#...# #c..#
#ls.# #♣..#
#.######...#
#....<.....#
########.#.#
#.#.# ....#
#%### ..#
###


You could see a komodo dragon, a centaur and a scorpion.

Vanquished Creatures
  The ghost of nikopol the Thaumaturge, a novice DEFE of Vehumet (D:7)
  A hungry ghost (D:7)
  An ice beast (D:6)
  A sky beast (D:6)
  A hornet zombie (D:7)
  2 orc warriors
  A black bear (D:7)
  A necrophage (D:5)
  An ogre (D:2)
  The ghost of Totori the Conjurer, an amateur HuCj (D:3)
  3 bullfrogs
  A howler monkey (D:7)
  A bullfrog zombie (D:5)
  A gnoll shaman (D:6)
  3 hounds (D:7)
  2 orc priests
  A centaur skeleton (D:4)
  An iguana (D:4)
  An orc wizard (D:6)
  A worker ant (D:7)
  Robin (D:2)
  13 gnolls
  5 adders
  A howler monkey skeleton (D:3)
  4 oozes
  3 worms
  4 leopard geckos
  21 orcs
  9 bats
  5 giant cockroaches
  6 hobgoblins
  5 jackals
  3 quokkas
  A ball python (D:4)
  4 frilled lizards
  18 goblins
  8 kobolds
  2 quokka zombies (D:6)
  11 rats
150 creatures vanquished.

Notes
Turn   | Place    | Note
-------+----------+-------------------------------------------
     0 | D:1      | dstrtnsr the Minotaur Berserker began the quest for the Orb.
     0 | D:1      | Reached XP level 1. HP: 19/19 MP: 0/0
   158 | D:1      | Reached XP level 2. HP: 20/27 MP: 1/1
   231 | D:1      | HP: 9/27 [frilled lizard (2)]
   634 | D:1      | Reached skill level 4 in Fighting
  1036 | D:2      | Found a snail-covered altar of Cheibriados.
  1131 | D:2      | Reached XP level 3. HP: 33/33 MP: 2/2
  1137 | D:2      | Noticed Robin
  1141 | D:2      | Reached ** piety under Trog
  1153 | D:2      | HP: 13/33 [Robin/spear of piercing (1)]
  1157 | D:2      | HP: 5/33 [worm (4)]
  1157 | D:2      | HP: 2/33 [Robin/spear of piercing (1)]
  1212 | D:2      | Killed Robin
  1212 | D:2      | Reached XP level 4. HP: 41/41 MP: 3/3
  1532 | D:2      | Found a glowing golden altar of the Shining One.
  1650 | D:2      | Noticed an ogre
  1654 | D:2      | Killed an ogre
  1654 | D:2      | Reached XP level 5. HP: 47/47 MP: 4/4
  1907 | D:3      | Noticed Totori's ghost (amateur HuCj)
  1911 | D:3      | Found an ancient bone altar of Kikubaaqudgha.
  1927 | D:3      | Killed Totori's ghost
  1927 | D:3      | Reached skill level 5 in Fighting
  1927 | D:3      | Reached XP level 6. HP: 39/56 MP: 5/5
  2108 | D:3      | Found a blossoming altar of Fedhas.
  2198 | D:3      | Found a bloodstained altar of Trog.
  2485 | D:3      | Reached *** piety under Trog
  3105 | D:4      | Reached skill level 6 in Fighting
  3937 | D:5      | Entered Level 5 of the Dungeon
  4004 | D:5      | Found a shadowy altar of Dithmenos.
  4060 | D:5      | Found Xeawnebb's Antique Weapon Emporium.
  4165 | D:5      | Reached skill level 5 in Armour
  4165 | D:5      | Reached XP level 7. HP: 63/63 MP: 6/6
  4242 | D:5      | Found a shattered altar of Ashenzari.
  4245 | D:5      | Found a glowing silver altar of Zin.
  4359 | D:5      | Found a staircase to the Ecumenical Temple.
  4671 | D:5      | Noticed a two-headed ogre
  4876 | D:6      | Reached skill level 7 in Fighting
  4876 | D:6      | Reached skill level 5 in Dodging
  4950 | D:5      | HP: 18/65 [two-headed ogre/giant club (18)]
  5420 | D:6      | Found a bloodstained altar of Trog.
  5727 | D:6      | Reached **** piety under Trog
  5784 | D:6      | Reached XP level 8. HP: 73/73 MP: 7/7
  5870 | D:6      | Reached skill level 8 in Fighting
  6137 | D:7      | Noticed nikopol's ghost (novice DEFE)
  6388 | D:7      | Got a fine war axe
  6756 | D:7      | Reached skill level 9 in Fighting
  6967 | D:7      | Killed nikopol's ghost
  6967 | D:7      | Reached skill level 10 in Fighting
  6967 | D:7      | Reached XP level 9. HP: 84/84 MP: 8/8
  7101 | D:8      | Noticed a komodo dragon
  7121 | D:8      | HP: 48/126 [komodo dragon (11)]
  7122 | D:8      | HP: 17/126 [komodo dragon (13)]
  7122 | D:8      | Slain by a komodo dragon

Vault maps used:
D:1:      erik_arrival_gehennom
D:2:      lemuel_crystal_altar, marbit_many_paths, uniq_robin
D:3:      gammafunk_temple_overflow_forgotten, first_ration,
          minmay_misc_feat_ornament, grunt_ministairs_2
D:5:      grunt_dithmenos_smoke_and_mirrors, grunt_temple_overflow_open,
          minmay_temple_entry_enclosed_plants, serial_shops,
          nicolae_shop_crystal, grunt_ministairs_11
D:6:      trog_three_pillars_becter
D:7:      lemuel_coloured_pillars_altar
D:8:      minmay_the_grid_square_5x5_3x3, uniq_maurice, uniq_erica

Skill      XL: |  1  2  3  4  5  6  7  8 |
---------------+-------------------------+-----
Fighting       | 4 5 6 7 10 | 10.1
Armour         | 3 4 5 6 7 |  7.5
Dodging        | 3 4 5 6 |  6.8
Unarmed Combat | 4 |  4.7

Action                   |  1- 3 |  4- 6 |  7- 9 || total
-------------------------+-------+-------+-------++-------
Melee: Headbutt          |    17 |    44 |    48 ||   109
       Punch             |       |       |     3 ||     3
Invok: Berserk           |    12 |    17 |    15 ||    44
       Trog's Hand       |     1 |     2 |     5 ||     8
  Use: Potion            |     3 |       |     2 ||     5
       Scroll            |     1 |     1 |     7 ||     9
  Eat: Ration            |     2 |       |     5 ||     7
       Chunk             |     5 |    26 |    11 ||    42
Armor: Animal skin       |    14 |       |       ||    14
       Plate armour      |    51 |   148 |   103 ||   302
       Skin              |       |       |    35 ||    35
Dodge: Dodged            |    81 |   101 |   118 ||   300

Table legend:
 A = Spawn XP
 B = Non-spawn XP
 C = Spawn XP percentage of total XP
 D = Spawn monster count
 E = Non-spawn monster count
 F = Spawn count percentage of total count
 G = Total turns spent on level
                    A         B        C        D         E        F      G
               +---------+---------+-------+---------+---------+-------+---------
         Total |       0 |    3071 |   0.0 |       0 |     150 |   0.0 |  7122
               +---------+---------+-------+---------+---------+-------+---------
           D:1 |       0 |      31 |   0.0 |       0 |      20 |   0.0 |   881
           D:2 |       0 |     203 |   0.0 |       0 |      31 |   0.0 |   853
           D:3 |       0 |     268 |   0.0 |       0 |      33 |   0.0 |   981
           D:4 |       0 |     167 |   0.0 |       0 |      15 |   0.0 |  1527
           D:5 |       0 |     180 |   0.0 |       0 |       7 |   0.0 |   908
           D:6 |       0 |     769 |   0.0 |       0 |      24 |   0.0 |   992
           D:7 |       0 |    1453 |   0.0 |       0 |      20 |   0.0 |   935
               +---------+---------+-------+---------+---------+-------+---------
